 Dungeon Crawl Stone Soup version 0.31-a0-229-g1fc7ce93e2 (webtiles) character file.

Game seed: 6677463414585181935

2550 qw the Skirmisher (level 9, -4/55 HPs)
             Began as a Gargoyle Hexslinger on July 6, 2023.
             Was a Believer of Okawaru.
             Slain by Grum
             ... wielding a -1 spear
              (14 damage)
             ... on level 8 of the Dungeon.
             The game lasted 00:02:56 (6031 turns).

qw the Skirmisher (Gargoyle Hexslinger)             Turns: 6031, Time: 00:02:57

Health: -4/55      AC: 12    Str: 18    XL:     9   Next: 56%
Magic:  12/12      EV: 13    Int: 14    God:    Okawaru [**....]
Gold:   538        SH:  0    Dex: 16    Spells: 9/10 levels left

rFire   + . .        b - +1 sling (heavy)
rCold   + . .        (no shield)
rNeg    + . .        f - +2 robe {rC+ rF+}
rPois   inf          a - +1 helmet
rElec   +            (no cloak)
rCorr   .            (no gloves)
SInv    .            (no boots)
Will    +....        (no amulet)
Stlth   +            i - +6 ring of strength
HPRegen 0.29/turn    p - ring of willpower
MPRegen 0.13/turn

%: no passive effects
@: no status effects
A: sickness immunity, AC +6, negative energy resistance 1, electricity
resistance, torment resistance 1, petrification resistance
a: Renounce Religion, Heroism


You were on level 8 of the Dungeon.
You worshipped Okawaru.
Okawaru was pleased with you.
You visited 2 branches of the dungeon, and saw 9 of its levels.

You collected 538 gold pieces.


Innate Abilities, Weirdness & Mutations

You are immune to sickness and miasma.
Your stone body is resilient. (AC +6)
You are immune to poison.
You resist negative energy. (rN+)
You are resistant to electric shocks. (rElec)
You are resistant to unholy torment.
You are immune to petrification.


   Skills:
 - Level 6.0 Fighting
 - Level 10.2 Ranged Weapons
 - Level 1.9 Armour
 + Level 2.8 Dodging
 - Level 1.0 Spellcasting
 - Level 2.6 Hexes
 - Level 4.3 Invocations


You had 9 spell levels left.
You knew the following spells:

 Your Spells              Type           Power      Damage    Failure   Level
a - Slow                  Hex            32%        N/A       9%          1

Your spell library contained the following spells:

 Spells                   Type           Power      Damage    Failure   Level
 Inner Flame              Hex/Fire       4%         N/A       41%         3
 Portal Projectile        Hex/Tloc       8%         N/A       41%         3
 Cause Fear               Hex            4%         N/A       65%         4

Inventory:

Hand Weapons
 b - a +1 heavy sling (weapon)
Armour
 a - a +1 helmet (worn)
 e - +0 steam dragon scales
 f - a +2 robe of resistance (worn)
Jewellery
 i - a +6 ring of strength (left hand)
 p - a ring of willpower (right hand)
Wands
 d - a wand of digging (7)
Scrolls
 g - a scroll of identify
 h - a scroll of brand weapon
Potions
 c - a potion of enlightenment
 l - a potion of resistance
 m - a potion of haste {unknown}
 n - a potion of mutation {unknown}

Dungeon Overview and Level Annotations

Branches:
Dungeon (8/15)             Temple (1/1) D:5
   Lair: D:8-11

Altars:
Ashenzari
Cheibriados
Dithmenos
Elyvilon
Fedhas
Gozag
Kikubaaqudgha
Makhleb
Nemelex Xobeh
Okawaru
Qazlal
Ru
Sif Muna
Uskayaw
Vehumet
Wu Jian
Xom
Yredelemnul
Zin
The Shining One

Annotations:
D:2 1 runed translucent door, Crazy Yiuf
D:8 Grum


Message History

You shoot a sling bullet. The sling bullet hits the wolf!
You kill the wolf!
Okawaru accepts your kill. The kobold misses you. Grum barely misses you.
You shoot a sling bullet. The sling bullet hits the kobold.
You kill the kobold!
Okawaru accepts your kill. Grum misses you.
The wolf bites you but does no damage.
You shoot a sling bullet. The sling bullet hits the wolf.
The wolf is moderately wounded.
The wolf bites you. Grum closely misses you.
You shoot a sling bullet. The sling bullet misses the wolf.
The wolf bites you. The wolf bites you but does no damage.
Grum closely misses you.
You shoot a sling bullet.
The sling bullet hits the wolf but does no damage.
The wolf is moderately wounded.
The wolf closely misses you. Grum barely misses you.
The wolf bites you but does no damage.
You shoot a sling bullet. The sling bullet hits the wolf.
The wolf is moderately wounded.
The wolf misses you.
Grum hits you from afar with a -1 spear.
The wolf bites you but does no damage.
You shoot a sling bullet. The sling bullet misses the wolf.
The wolf barely misses you. Grum barely misses you.
You shoot a sling bullet.
The sling bullet barely misses the wolf.
The wolf bites you. The wolf barely misses you. Grum misses you.
You shoot a sling bullet. The sling bullet hits the wolf.
The wolf is heavily wounded.
The wolf bites you but does no damage.
Grum hits you from afar with a -1 spear.
The wolf completely misses you.
You shoot a sling bullet. The sling bullet hits the wolf!
The wolf is almost dead.
You feel like a meek peon again. The wolf barely misses you.
Grum hits you from afar with a -1 spear!
You die...

..#.# ..#.# ...
#.# ... . #.# ..
.. #.# .. .. #.#
.##.# #.# ....##.
#.#########h......
#........)@%g...#
##########........
.........
##........
####.#.#. .# # .
..


You could see Grum and a wolf.

Vanquished Creatures
  Maggie (D:8)
  Sigmund (D:6)
  A steam dragon (D:8)
  2 water moccasins (D:7)
  Duvessa (D:5)
  An ice beast (D:7)
  A sky beast (D:4)
  A wolf (D:8)
  A phantom (D:6)
  2 kobold brigands
  A bullfrog (D:5)
  3 scorpions
  Dowan (D:5)
  A gnoll bouda (D:7)
  9 hounds
  A jelly (D:7)
  2 sleepcaps
  Jessica (D:2)
  Terence (D:2)
  2 iguanas
  4 orc wizards
  9 gnolls
  7 adders
  2 shadow imps
  5 white imps
  2 worms
  4 dart slugs
  19 orcs
  9 endoplasms
  7 giant cockroaches
  9 goblins
  10 hobgoblins
  4 jackals (D:4)
  A quokka (D:4)
  4 ball pythons
  4 bats
  2 frilled lizards
  14 kobolds
  4 rats
  A spectral orc (D:5)
155 creatures vanquished.

Notes
Turn   | Place    | Note
-------+----------+-------------------------------------------
     0 | D:1      | qw the Gargoyle Hexslinger began the quest for the Orb.
     0 | D:1      | Reached XP level 1. HP: 12/12 MP: 2/2
     0 | D:1      | 0 ||| qw: Version: 0.3-a-46-gb1f654a
     0 | D:1      | 0 ||| qw: Game counter: 1356
     0 | D:1      | 0 ||| qw: Melee chars always use a shield: true
     0 | D:1      | 0 ||| qw: God list: Okawaru
     0 | D:1      | 0 ||| qw: Allow faded altars: false
     0 | D:1      | 0 ||| qw: Do Orc after clearing Dungeon:15 true
     0 | D:1      | 0 ||| qw: Do second Lair branch before Depths: true
     0 | D:1      | 0 ||| qw: Lair rune preference: random
     0 | D:1      | 0 ||| qw: Goals: Normal
     0 | D:1      | 0 ||| PLANNING D:1-11
   124 | D:1      | Reached XP level 2. HP: 16/16 MP: 3/3
   384 | D:1      | Reached skill level 3 in Ranged Weapons
   759 | D:1      | Reached XP level 3. HP: 21/21 MP: 4/4
   771 | D:1      | 771 ||| FLEEEEING.
   823 | D:1      | Found a faded altar of an unknown god.
   969 | D:1      | 969 ||| UPGRADING to +0 leather armour.
   979 | D:1      | 979 ||| DROPPING +0 robe.
   980 | D:1      | 980 ||| UPGRADING to +0 ring mail.
   990 | D:1      | 990 ||| DROPPING +0 leather armour.
   991 | D:1      | 991 ||| READING scroll labelled LELLEL NAHIFE.
   992 | D:1      | 992 ||| READING 2 scrolls labelled TIUWUN OMA WOY.
   993 | D:1      | 993 ||| DROPPING scroll of poison.
  1036 | D:2      | Noticed Terence
  1047 | D:2      | HP: 2/21 [Terence/+0 hand axe (5)]
  1048 | D:2      | 1048 ||| DRINKING potion of heal wounds.
  1051 | D:2      | Killed Terence
  1052 | D:2      | Reached skill level 4 in Ranged Weapons
  1052 | D:2      | Reached XP level 4. HP: 18/26 MP: 5/5
  1093 | D:2      | Found a burning altar of Makhleb.
  1208 | D:2      | Found a runed translucent door.
  1209 | D:2      | Noticed Crazy Yiuf
  1235 | D:2      | Noticed Jessica
  1247 | D:2      | Killed Jessica
  1248 | D:2      | Reached skill level 1 in Armour
  1355 | D:2      | 1355 ||| Stepping ~*~*~tactically~*~*~ (outnumbered).
  1357 | D:2      | 1357 ||| Stepping ~*~*~tactically~*~*~ (outnumbered).
  1367 | D:2      | 1367 ||| FLEEEEING.
  1368 | D:2      | 1368 ||| FLEEEEING.
  1369 | D:2      | 1369 ||| FLEEEEING.
  1370 | D:2      | 1370 ||| FLEEEEING.
  1371 | D:2      | 1371 ||| FLEEEEING.
  1374 | D:2      | 1374 ||| FLEEEEING.
  1376 | D:2      | 1376 ||| FLEEEEING.
  1377 | D:2      | 1377 ||| FLEEEEING.
  1382 | D:2      | 1382 ||| FLEEEEING.
  1383 | D:2      | 1383 ||| FLEEEEING.
  1384 | D:2      | 1384 ||| FLEEEEING.
  1385 | D:2      | 1385 ||| FLEEEEING.
  1386 | D:2      | 1386 ||| FLEEEEING.
  1395 | D:2      | 1395 ||| FLEEEEING.
  1398 | D:2      | 1398 ||| FLEEEEING.
  1403 | D:2      | Reached XP level 5. HP: 21/30 MP: 6/6
  1403 | D:2      | 1403 ||| FLEEEEING.
  1404 | D:2      | 1404 ||| FLEEEEING.
  1422 | D:2      | 1422 ||| FLEEEEING.
  1423 | D:2      | 1423 ||| FLEEEEING.
  1424 | D:2      | 1424 ||| FLEEEEING.
  1425 | D:2      | 1425 ||| FLEEEEING.
  1429 | D:2      | 1429 ||| FLEEEEING.
  1430 | D:2      | 1430 ||| FLEEEEING.
  1781 | D:2      | 1781 ||| UPGRADING to +1 robe of resistance.
  1791 | D:2      | 1791 ||| UPGRADING to +6 ring of strength.
  1792 | D:2      | 1792 ||| READING scroll labelled CAAMAO KIRASK.
  1793 | D:2      | 1793 ||| DRINKING 2 ruby potions.
  1794 | D:2      | 1794 ||| DRINKING 2 orange potions.
  1820 | D:2      | 1820 ||| READING 3 scrolls of identify.
  1820 | D:2      | 1820 ||| IDENTIFYING black potion
  1821 | D:2      | 1821 ||| READING 2 scrolls of identify.
  1821 | D:2      | 1821 ||| IDENTIFYING dark potion
  1822 | D:2      | 1822 ||| DROPPING potion of attraction.
  1823 | D:2      | 1823 ||| DROPPING potion of lignification.
  1925 | D:3      | Reached skill level 5 in Ranged Weapons
  2083 | D:3      | 2083 ||| FLEEEEING.
  2084 | D:3      | 2084 ||| DRINKING potion of curing.
  2084 | D:3      | 2084 ||| (to cure confusion)
  2085 | D:3      | 2085 ||| FLEEEEING.
  2086 | D:3      | 2086 ||| FLEEEEING.
  2087 | D:3      | 2087 ||| FLEEEEING.
  2112 | D:3      | 2112 ||| FLEEEEING.
  2311 | D:3      | 2311 ||| UPGRADING to +0 helmet.
  2316 | D:3      | 2316 ||| READING scroll labelled XOTACS PUPN.
  2317 | D:3      | 2317 ||| READING scroll labelled FYLUAWKOUM.
  2318 | D:3      | 2318 ||| READING scroll labelled GAMPIXZOMI.
  2319 | D:3      | 2319 ||| READING scroll labelled ETAJODGHUHUPN.
  2466 | D:4      | Reached XP level 6. HP: 26/36 MP: 7/7
  2474 | D:4      | Reached skill level 3 in Fighting
  3045 | D:4      | Reached skill level 6 in Ranged Weapons
  3205 | D:5      | Entered Level 5 of the Dungeon
  3205 | D:5      | Noticed a sky beast
  3211 | D:5      | 3211 ||| STAIRDANCE
  3216 | D:4      | Killed a sky beast
  3217 | D:4      | Reached XP level 7. HP: 41/44 MP: 8/8
  3324 | D:5      | 3324 ||| READING scroll of enchant armour.
  3324 | D:5      | 3324 ||| ENCHANTING +1 robe of resistance.
  3413 | D:5      | 3413 ||| READING scroll of enchant armour.
  3413 | D:5      | 3413 ||| ENCHANTING +0 helmet.
  3790 | D:5      | Found an opulent altar of Gozag.
  3802 | D:5      | Reached skill level 7 in Ranged Weapons
  3810 | D:5      | Found a broken altar of Ashenzari.
  3864 | D:5      | 3864 ||| FLEEEEING.
  3865 | D:5      | 3865 ||| FLEEEEING.
  3866 | D:5      | 3866 ||| FLEEEEING.
  3867 | D:5      | 3867 ||| FLEEEEING.
  3868 | D:5      | 3868 ||| STAIRDANCE
  3940 | D:4      | 3940 ||| DROPPING +0 ring mail.
  3981 | D:5      | Found a staircase to the Ecumenical Temple.
  3982 | D:5      | 3982 ||| PLANNING TEMPLE
  3982 | D:5      | 3982 ||| READING scroll labelled BIUGIAXAUSH.
  3994 | Temple   | Entered the Ecumenical Temple
  4006 | Temple   | 4006 ||| PLANNING OKAWARU WORSHIP
  4125 | Temple   | Became a worshipper of Warmaster Okawaru
  4126 | Temple   | 4126 ||| PLANNING D:1-11
  4416 | D:5      | Found a basalt altar of Yredelemnul.
  4661 | D:6      | Noticed Dowan
  4663 | D:6      | Noticed Duvessa
  4668 | D:6      | 4668 ||| STAIRDANCE
  4682 | D:5      | Killed Duvessa
  4683 | D:5      | Reached skill level 8 in Ranged Weapons
  4683 | D:5      | Reached XP level 8. HP: 15/48 MP: 9/9
  4686 | D:5      | Killed Dowan
  4835 | D:6      | Reached * piety under Okawaru
  4887 | D:6      | Noticed Sigmund
  4888 | D:6      | 4888 ||| INVOKING Heroism.
  4896 | D:6      | Killed Sigmund
  4897 | D:6      | Reached skill level 1 in Invocations
  5035 | D:6      | 5035 ||| FLEEEEING.
  5040 | D:6      | Reached skill level 3 in Invocations
  5229 | D:6      | Found a shimmering altar of Xom.
  5271 | D:6      | 5271 ||| DROPPING +0 robe of cold resistance.
  5272 | D:6      | 5272 ||| UPGRADING to ring of willpower.
  5273 | D:6      | 5273 ||| READING scroll labelled JAAMET WAISTYC.
  5274 | D:6      | 5274 ||| READING scroll labelled OVUMOCIYKE.
  5275 | D:6      | 5275 ||| READING 2 scrolls of identify.
  5275 | D:6      | 5275 ||| IDENTIFYING inky potion
  5320 | D:7      | 5320 ||| INVOKING Heroism.
  5527 | D:7      | Reached skill level 9 in Ranged Weapons
  5527 | D:7      | Reached XP level 9. HP: 49/54 MP: 10/12
  5553 | D:7      | Reached ** piety under Okawaru
  5570 | D:7      | 5570 ||| INVOKING Heroism.
  5578 | D:7      | Reached skill level 6 in Fighting
  5609 | D:7      | 5609 ||| INVOKING Heroism.
  5866 | D:8      | 5866 ||| INVOKING Heroism.
  5882 | D:8      | Noticed Maggie
  5903 | D:8      | Killed Maggie
  5904 | D:8      | Reached skill level 10 in Ranged Weapons
  6005 | D:8      | Noticed Grum
  6006 | D:8      | 6006 ||| INVOKING Heroism.
  6020 | D:8      | HP: 4/55 [Grum/-1 spear (14)]
  6021 | D:8      | 6021 ||| DRINKING potion of heal wounds.
  6030 | D:8      | HP: 10/55 [Grum/-1 spear (5)]
  6031 | D:8      | Slain by Grum

Levels and vault maps discovered:
D:1:      psy_arrival_whirlpool, layout_basic,
          dreamdust_ecumenical_altar_hidden_monk_grotto
D:2:      layout_basic, basic_altar, uniq_terence, uniq_jessica,
          uniq_crazy_yiuf_cottage
D:3:      layout_basic, kennysheep_generic_room_6
D:4:      layout_basic
D:5:      layout_loops_corners, yredelemnul_forgotten_temple_becter, minitemple,
          minmay_temple_entry_junction_2
D:6:      layout_rooms, kennysheep_little_box, uniq_duvessa, uniq_sigmund
D:7:      layout_cave_pools, nicolae_titane
D:8:      layout_basic, serial_shops, nicolae_shop_overgrown_old_shop,
          uniq_maggie, uniq_grum
Temple:   regret_index_temple_waves

Skill      XL: |  1  2  3  4  5  6  7  8  9 |
---------------+----------------------------+-----
Ranged Weapons | 3 4 5 6 8 9 10 | 10.2
Fighting       | 2 4 5 6 |  6.0
Armour         | 1 |  1.9
Dodging        | 2 |  2.8
Invocations    | 4 |  4.3
Spellcasting   | |  1.0
Hexes          | |  2.6

Action                     |  1- 3 |  4- 6 |  7- 9 || total
---------------------------+-------+-------+-------++-------
   Fire: Sling             |    83 |   241 |   346 ||   670
 Invoke: Heroism           |       |       |     6 ||     6
    Use: Scroll            |     2 |     7 |     6 ||    15
         Potion            |     1 |     3 |     1 ||     5
 Armour: Robe              |     5 |    39 |   125 ||   169
         Ring mail         |     2 |    47 |       ||    49
  Dodge: Dodged            |    24 |   149 |   177 ||   350

Table legend:
 A = Non-vault XP
 B = Vault XP
 C = Vault XP percentage of total XP
 D = Non-vault monster count
 E = Vault monster count
 F = Vault count percentage of total count
                 A         B        C        D         E       F
            +---------+---------+-------+---------+---------+-------
      Total |    2614 |    1030 |  28.3 |     146 |       9 |   5.8
            +---------+---------+-------+---------+---------+-------
        D:1 |      61 |       0 |   0.0 |      25 |       0 |   0.0
        D:2 |     110 |      73 |  39.9 |      22 |       2 |   8.3
        D:3 |      69 |       1 |   1.4 |      14 |       1 |   6.7
        D:4 |     401 |       0 |   0.0 |      19 |       0 |   0.0
        D:5 |     460 |     217 |  32.1 |      24 |       3 |  11.1
        D:6 |     421 |     214 |  33.7 |      21 |       1 |   4.5
        D:7 |     800 |       0 |   0.0 |      16 |       0 |   0.0
        D:8 |     292 |     525 |  64.3 |       5 |       2 |  28.6
            +---------+---------+-------+---------+---------+-------
